 Dungeon Crawl Stone Soup version 0.30-a0-121-gb27577e5d9 (webtiles) character file.

Game seed: 7916578137675568090

3267 LnG the Cleaver (level 10, -4/86 HPs)
             Began as a Hill Orc Fighter on Sept 14, 2022.
             Was a Priest of Uskayaw.
             Killed from afar by a gargoyle (15 damage)
             ... with a stone arrow
             ... on level 7 of the Dungeon.
             The game lasted 00:11:08 (8574 turns).

LnG the Cleaver (Hill Orc Fighter)                  Turns: 8574, Time: 00:11:08

Health: -4/86      AC: 18    Str: 24    XL:     10   Next: 0%
Magic:  10/10      EV: 11    Int:  8    God:    Uskayaw [***...]
Gold:   332        SH:  5    Dex: 10    Spells: 9/9 levels left

rFire   . . .      SeeInvis .    L - +4 war axe
rCold   . . .      Faith    .    c - +0 buckler
rNeg    . . .      Spirit   .    s - +0 plate armour
rPois   .          Reflect  .    x - +0 helmet
rElec   .          Harm     .    u - +0 cloak
rCorr   .          Rampage  .    e - +0 pair of gloves
Will    .....                    (no boots)
Stlth   ..........               (no amulet)
HPRegen 0.24/turn                g - ring of flight
MPRegen 0.12/turn                p - +4 ring of evasion

@: flying
A: no striking features
a: Renounce Religion, Stomp, Line Pass


You were on level 7 of the Dungeon.
You worshipped Uskayaw.
Uskayaw was noncommittal.
You visited 2 branches of the dungeon, and saw 8 of its levels.

You collected 332 gold pieces.

Inventory:

Hand Weapons
 a - a +0 war axe
 L - a +4 war axe (weapon)
Missiles
 h - 9 boomerangs (quivered)
Armour
 b - a +0 scale mail
 c - a +0 buckler (worn)
 e - a +0 pair of gloves (worn)
 s - a +0 plate armour (worn)
 u - a +0 cloak (worn)
 x - a +0 helmet (worn)
Jewellery
 g - a ring of flight (left hand)
 p - a +4 ring of evasion (right hand)
 z - a +6 ring of intelligence
 D - a ring of resist corrosion
 F - an amulet of faith
Wands
 n - a wand of flame (70)
 A - a wand of digging (6)
 H - a wand of mindburst (11)
Scrolls
 i - a scroll of blinking
 k - 2 scrolls of noise
 m - 2 scrolls of magic mapping
 r - 2 scrolls of brand weapon
 t - a scroll of torment
 v - a scroll of fear
 y - a scroll of immolation
 E - 2 scrolls of teleportation
 G - a scroll of amnesia
 J - 2 scrolls of enchant armour {unknown}
 K - a scroll of fog {unknown}
Potions
 d - a potion of might
 f - 3 potions of curing
 j - a potion of attraction {unknown}
 l - 4 potions of lignification
 o - 2 potions of heal wounds {unknown}
 q - a potion of haste {unknown}
 w - a potion of mutation {unknown}
 B - 2 potions of flight
 C - 2 potions of ambrosia {unknown}
 I - a potion of berserk rage {unknown}


   Skills:
 + Level 7.5 Fighting
 + Level 12.0 Axes
 + Level 8.5 Armour
 + Level 1.5 Dodging
 + Level 1.5 Stealth
 + Level 5.5 Shields


You had 9 spell levels left.
You didn't know any spells.
Your spell library contained the following spells:

 Spells                   Type           Power      Damage    Failure   Level
 Magic Dart               Conj           0%         1d3       100%        1
 Cigotuvi's Dreadful Rot  Necr/Pois/Air  0%         N/A       100%        2
 Poisonous Vapours        Pois/Air       0%         N/A       100%        2
 Searing Ray              Conj           0%         2d4       100%        2
 Gell's Gravitas          Tloc           0%         N/A       100%        3
 Lesser Beckoning         Tloc           0%         N/A       100%        3
 Mephitic Cloud           Conj/Pois/Air  0%         N/A       100%        3
 Portal Projectile        Hex/Tloc       0%         N/A       100%        3
 Spider Form              Tmut/Pois      0%         N/A       100%        3
 Teleport Other           Tloc           0%         N/A       100%        3
 Tukima's Dance           Hex            0%         N/A       100%        3
 Fulminant Prism          Conj/Hex       0%         3d6       100%        4
 Alistair's Intoxication  Tmut/Pois      0%         N/A       100%        5
 Blade Hands              Tmut           0%         N/A       100%        5
 Discord                  Hex            0%         N/A       100%        8


Dungeon Overview and Level Annotations

Branches:
Dungeon (7/15)             Temple (1/1) D:4

Altars:
Ashenzari
Cheibriados
Dithmenos
Fedhas
Gozag
Hepliaklqana
Kikubaaqudgha
Makhleb
Nemelex Xobeh
Okawaru
Qazlal
Sif Muna
Trog
Uskayaw
Vehumet
Wu Jian
Xom
The Shining One

Annotations:
D:7 3 runed translucent doors, spaghetti's ghost, novice TeFi


Message History

The gargoyle is lightly damaged.
The gargoyle hits you with a +0 mace!
You hit the gargoyle.
The gargoyle is moderately damaged.
The gargoyle hurls a stone arrow at you.
The stone arrow hits you!!
You are too injured to fight recklessly!
You are too injured to fight recklessly!
You are too injured to fight recklessly!
You are too injured to fight recklessly!
You are too injured to fight recklessly!
You completely miss the gargoyle.
The gargoyle is moderately damaged.
The gargoyle hits you but does no damage.
You slash the gargoyle!
The gargoyle is heavily damaged.
The gargoyle hits you but does no damage.
You can now pass through a line of other dancers.
You slash the gargoyle!
The gargoyle is almost destroyed.
The gargoyle hurls a stone arrow at you.
The stone arrow hits you!
* * * LOW HITPOINT WARNING * * *
Uskayaw will force your foes to helplessly watch your dance.
Uskayaw prepares the audience for your solo!
The helpless gargoyle fails to defend itself.
You hit the gargoyle but do no damage.
The gargoyle is almost destroyed.
The gargoyle is no longer paralysed.
The gargoyle hurls a stone arrow at you.
The stone arrow hits you!
* * * LOW HITPOINT WARNING * * *
You hit the gargoyle but do no damage.
The gargoyle is almost destroyed.
The gargoyle hits you with a +0 mace.
* * * LOW HITPOINT WARNING * * *
You feel better.
The gargoyle hurls a stone arrow at you.
The stone arrow hits you!
You die...

...##...##...# #.. #8...8###.##
#.# ##...##8#..# ####.#
#+.....'###.#######....#
#.......#8#.##.........#
+.......'##.#...###....#
#....8....##.#.#.# ####.. #.
#+.......'##.#)..######## ###.
#......@#)#.##.###.....# ....#
#+.....9###......#.....# ....
##+.+##$#..##.........# ...###
## ###..##...#.....#
#...#######....###.##.....#
####..........#..# #.########
#..)...########..###.#......>
#.##...# #...........#####.
####.####.#####<##.)..#...#####.


You could see a gargoyle.

Vanquished Creatures
  A cyclops (D:7)
  A gargoyle (D:7)
  Grinder (D:6)
  4 yaks
  A sky beast (D:6)
  A black bear (D:6)
  An orc warrior (D:6)
  4 ogres
  A centaur (D:6)
  A bullfrog (D:7)
  A necrophage (D:6)
  2 scorpions (D:5)
  4 wights (D:7)
  4 jellies
  3 hounds
  Crazy Yiuf (D:4)
  2 iguanas (D:5)
  2 orc priests
  5 orc wizards
  Robin (D:4)
  12 adders
  2 white imps
  2 dart slugs
  2 worms
  13 orcs
  8 ball pythons
  3 endoplasms
  A giant cockroach (D:3)
  14 goblins
  12 hobgoblins
  4 jackals (D:5)
  3 quokkas (D:1)
  3 bats (D:1)
  3 frilled lizards
  3 kobolds
  4 rats
130 creatures vanquished.

Notes
Turn   | Place    | Note
-------+----------+-------------------------------------------
     0 | D:1      | LnG the Hill Orc Fighter began the quest for the Orb.
     0 | D:1      | Reached XP level 1. HP: 19/19 MP: 1/1
   110 | D:1      | Reached XP level 2. HP: 25/27 MP: 2/2
   184 | D:1      | Got the Almanac of the Pit
   334 | D:1      | Found a faded altar of an unknown god.
   832 | D:2      | Reached XP level 3. HP: 30/33 MP: 3/3
  1075 | D:2      | Reached skill level 3 in Axes
  1445 | D:2      | Reached XP level 4. HP: 23/40 MP: 4/4
  2421 | D:3      | Reached skill level 4 in Axes
  2824 | D:3      | Reached XP level 5. HP: 46/46 MP: 5/5
  2958 | D:3      | Reached skill level 1 in Dodging
  3589 | D:4      | Reached skill level 5 in Axes
  3589 | D:4      | Reached XP level 6. HP: 40/53 MP: 6/6
  3692 | D:4      | Noticed Robin
  3712 | D:4      | Killed Robin
  3818 | D:4      | Found a staircase to the Ecumenical Temple.
  3825 | Temple   | Entered the Ecumenical Temple
  4366 | D:4      | Reached skill level 6 in Axes
  4366 | D:4      | Reached skill level 5 in Armour
  4478 | D:4      | Found a shadowy altar of Dithmenos.
  4527 | D:4      | Found a shimmering blue altar of Sif Muna.
  4704 | D:4      | Found a runed translucent door.
  4705 | D:4      | Noticed Crazy Yiuf
  4933 | D:4      | Killed Crazy Yiuf
  4934 | D:4      | Reached XP level 7. HP: 44/60 MP: 7/7
  5074 | D:5      | Entered Level 5 of the Dungeon
  5344 | D:5      | Reached skill level 7 in Axes
  5585 | D:5      | Reached skill level 5 in Fighting
  5585 | D:5      | Reached skill level 8 in Axes
  6082 | D:5      | Got the Folio of Venin
  6418 | D:6      | Noticed Grinder
  6444 | D:6      | Killed Grinder
  6445 | D:6      | Reached XP level 8. HP: 40/69 MP: 8/8
  6660 | D:6      | Reached skill level 9 in Axes
  7117 | D:6      | Reached skill level 5 in Shields
  7321 | D:6      | Reached skill level 10 in Axes
  7640 | D:6      | Found an ornate altar of the Wu Jian Council.
  7745 | D:7      | Found a runed translucent gate.
  7745 | D:7      | Found a runed translucent gate.
  7750 | D:7      | Found a runed translucent gate.
  7750 | D:7      | Noticed a two-headed ogre
  7752 | D:7      | Noticed a wraith
  7762 | D:7      | Found a hide-covered altar of Uskayaw.
  7762 | D:7      | Noticed a yak
  7762 | D:7      | Noticed a yak
  7762 | D:7      | Noticed a yak
  7766 | D:7      | Noticed a yak
  7767 | D:7      | Killed a yak
  7768 | D:7      | Reached XP level 9. HP: 65/75 MP: 9/9
  8030 | D:7      | Noticed spaghetti's ghost (novice TeFi)
  8280 | D:7      | Became a worshipper of Uskayaw the Reveller
  8299 | D:7      | Reached * piety under Uskayaw
  8303 | D:7      | Reached ** piety under Uskayaw
  8309 | D:7      | Reached skill level 11 in Axes
  8374 | D:7      | Noticed a cyclops
  8380 | D:7      | Reached *** piety under Uskayaw
  8381 | D:7      | Killed a cyclops
  8382 | D:7      | Reached skill level 1 in Stealth
  8495 | D:7      | Reached **** piety under Uskayaw
  8548 | D:7      | Noticed a gargoyle
  8550 | D:7      | Killed a gargoyle
  8551 | D:7      | Reached skill level 12 in Axes
  8551 | D:7      | Reached XP level 10. HP: 83/86 MP: 10/10
  8564 | D:7      | Noticed a gargoyle
  8573 | D:7      | HP: 4/86 [gargoyle/+0 mace (2)]
  8574 | D:7      | Killed from afar by a gargoyle

Illustrated notes

Levels and vault maps discovered:
D:1:      lemuel_arrival_muddy, layout_basic, serial_rivers,
          chequers_serial_rivers_micro_e, chequers_serial_rivers_small_a,
          chequers_serial_rivers_room_b, chequers_serial_rivers_micro_a,
          chequers_serial_rivers_room_b, dreamdust_ecumenical_altar_statues
D:2:      layout_basic, corner_web_ring
D:3:      layout_basic, corexii_item_surrounded_by_moat
D:4:      layout_loops_ring, nicolae_dithmenos_the_darkroom,
          mainiacjoe_overflow_six_doors_small, minmay_temple_entry_nine_rooms,
          uniq_robin, uniq_crazy_yiuf_cottage
D:5:      layout_cave_pods, portal_sewer_entry_e
D:6:      layout_basic, lemuel_coloured_pillars_altar,
          chequers_serial_rivers_micro_d, minmay_pentangle, uniq_grinder
D:7:      cheibrodos_statue_roulette, layout_loops_cross,
          nicolae_uskayaw_murder_on_the_dancefloor, gammafunk_ghost_split,
          uniq_pikel
Temple:   nicolae_temple_bog_church

Skill      XL: |  1  2  3  4  5  6  7  8  9 |
---------------+----------------------------+-----
Fighting       | 4 5 6 7 |  7.5
Axes           | 3 4 5 6 8 10 12 | 12.0
Armour         | 4 5 7 8 |  8.5
Dodging        | 1 |  1.5
Shields        | 4 5 |  5.5
Stealth        | 1 |  1.5

Action                   |  1- 3 |  4- 6 |  7- 9 | 10-12 || total
-------------------------+-------+-------+-------+-------++-------
Melee: War axe           |    98 |   180 |   234 |     9 ||   521
  Use: Potion            |     1 |       |     2 |     1 ||     4
       Scroll            |       |       |    11 |       ||    11
 Stab: Paralysed         |       |       |     4 |     1 ||     5
Armor: Scale mail        |    52 |    30 |       |       ||    82
       Plate armour      |       |    51 |   105 |     2 ||   158
Dodge: Dodged            |    56 |   107 |   109 |       ||   272
Block: Buckler           |    21 |    39 |    55 |       ||   115

Table legend: (Time is in decaauts)
 A = Elapsed time spent in this place.
 B = Non-inter-level travel time spent in this place.
 C = Inter-level travel time spent in this place.
 D = Time resting spent in this place.
 E = Time spent auto-exploring this place.
 F = Levels seen in this place.
 G = Mean time per level.
                   A        B        C        D        E       F      G
               +--------+--------+--------+--------+--------+-----+--------+
         Total |   8687 |   8135 |    552 |   1555 |   5209 |   8 | 1085.9 |
       Dungeon |   8519 |   8000 |    519 |   1555 |   5087 |   7 | 1217.0 |
        Temple |    167 |    134 |     33 |      0 |    122 |   1 |  167.0 |
               +--------+--------+--------+--------+--------+-----+--------+

Top non-repeatable levels by time:
     D:6: 1935 daAuts
     D:2: 1571 daAuts
     D:4: 1513 daAuts
     D:5: 1218 daAuts
     D:3: 1064 daAuts
     D:1: 849 daAuts
     D:7: 366 daAuts
  Temple: 167 daAuts
